 Dungeon Crawl Stone Soup version 0.23.2-1-ga50397a6bc (webtiles) character file.

Game seed: 10596956957768371108

1010 Nattfarinn the Archer (level 8, -3/67 HPs)
             Began as a Centaur Hunter on May 30, 2019.
             Slain by an iguana (7 damage)
             ... on level 5 of the Dungeon.
             The game lasted 00:19:16 (5054 turns).

Nattfarinn the Archer (Centaur Hunter)              Turns: 5054, Time: 00:19:17

Health: -3/67      AC:  4    Str: 14    XL:     8   Next: 1%
Magic:  6/6        EV: 12    Int: 10    God:
Gold:   206        SH:  0    Dex: 13    Spells: 7/7 levels left

rFire    x . .     SeeInvis +   a - +1 shortbow
rCold    + . .     Gourm    .   (shield currently unavailable)
rNeg     . . .     Faith    .   c - +0 leather armour
rPois    .         Spirit   .   (no helmet)
rElec    .         Reflect  .   (no cloak)
rCorr    .         Harm     +   (no gloves)
MR       .....     Clarity  +   (no barding)
Stlth    +.........             q - amulet of harm
HPRegen  0.21/turn              s - ring of ice
MPRegen  0.10/turn              w - ring of see invisible

@: very quick
A: large, hooves 3, clarity, deformed body, speed 2, low mp 2, sense
surroundings 1, screaming 1, tough skin 3
a: no special abilities


You were on level 5 of the Dungeon.
You were not hungry.

You visited 2 branches of the dungeon, and saw 6 of its levels.

You collected 338 gold pieces.
You spent 132 gold pieces at shops.

Inventory:

Hand Weapons
 a - a +1 shortbow (weapon)
 b - a +1 short sword of speed
 l - a +0 short sword
Missiles
 d - an arrow (quivered)
Armour
 c - a +0 leather armour (worn)
 u - a +0 ring mail of fire resistance
Jewellery
 q - an amulet of harm (around neck)
 s - a ring of ice (left hand)
 w - a ring of see invisible (right hand)
 A - an uncursed amulet of rage {unknown}
 B - an uncursed amulet of the acrobat {unknown}
Scrolls
 g - a scroll of enchant armour {unknown}
 h - a scroll of immolation {unknown}
 m - 3 scrolls of fear {unknown}
 n - a scroll of remove curse {unknown}
 o - 4 scrolls of enchant weapon {unknown}
 p - 2 scrolls of identify {unknown}
 r - a scroll of fog {unknown}
 t - 2 scrolls of teleportation {unknown}
 x - 2 scrolls of blinking {unknown}
 y - a scroll of random uselessness {unknown}
Potions
 e - a potion of lignification {unknown}
 i - a potion of degeneration {unknown}
 j - 6 potions of curing
 k - a potion of might {unknown}
 v - a potion of heal wounds {unknown}
Comestibles
 f - 8 rations


   Skills:
 + Level 4.9 Fighting
 + Level 8.1 Bows
 * Level 5.0 Dodging
 - Level 1.0 Stealth


You had 7 spell levels left.
You didn't know any spells.
Your spell library contained the following spells:

 Spells                   Type           Power        Failure   Level  Hunger
 Animate Skeleton         Necr           N/A          43%         1    ##.....
 Apportation              Tloc           #.....       43%         1    ##.....
 Confusing Touch          Hex            #.....       43%         1    ##.....
 Magic Dart               Conj           #...         43%         1    ##.....
 Summon Small Mammal      Summ           #...         43%         1    ##.....
 Blink                    Tloc           N/A          58%         2    ###....
 Call Imp                 Summ           #.......     58%         2    ###....
 Slow                     Hex            #.......     58%         2    ###....
 Conjure Flame            Conj/Fire      #.......     82%         3    ####...
 Mephitic Cloud           Conj/Pois/Air  #.......     82%         3    ####...


Dungeon Overview and Level Annotations

Branches:
Dungeon (5/15)             Temple (1/1) D:4

Altars:
Ashenzari
Dithmenos
Fedhas
Gozag
Kikubaaqudgha
Makhleb
Nemelex Xobeh
Qazlal
Ru
Sif Muna
Trog
Uskayaw
Wu Jian
Zin
The Shining One

Shops:
D:4 !

Annotations:
D:3 1 runed translucent door, Crazy Yiuf, Sigmund


Innate Abilities, Weirdness & Mutations

You have hooves in place of feet.
Armour fits poorly on your strangely shaped body.
You cover ground very quickly.
You have extremely tough skin. (AC +3)
You possess an exceptional clarity of mind.
Your magical capacity is very low. (-20% MP)
You passively map a small area around you.
You occasionally shout uncontrollably at your foes.


Message History

The iguana hisses menacingly.
The iguana bites you!
* * * LOW HITPOINT WARNING * * *
You barely miss the iguana. Your kick misses the iguana.
The iguana is moderately wounded.
The iguana bites you!
* * * LOW HITPOINT WARNING * * *
You hit the iguana. Your kick misses the iguana.
The iguana is heavily wounded.
The iguana bites you.
* * * LOW HITPOINT WARNING * * *
You hit the iguana.
The iguana is severely wounded.
The iguana closely misses you.
a - a +1 shortbow (weapon)
Firing (i - inventory)
d - 2 arrows (quivered)
Press: ? - help, Shift-Dir - straight line, f - iguana
Aim: an iguana (severely wounded)
You shoot an arrow. The arrow barely misses the iguana.
The iguana bites you.
You die...

##+#####* + #......# ,
#......# * #......# ,**
#......# * * #......#.,
#h†l...#o * #l########
*#.##.
#.@.........#....#
######........#.#....##
#............. ........
#.####........* #......
#.###.#...#.## #......
#.##.#.#.#.#.# *#......
#.##..#...#..## * #...#
#.#.#...#...#.#####....
#..#.#.#.#.#.#.#.......


You could see an iguana and a jackal.

Vanquished Creatures
  Grinder (D:4)
  A hippogriff (D:3)
  Menkaure (D:4)
  A phantom (D:4)
  A hound (D:5)
  A jelly (D:5)
  An orc priest (D:4)
  An orc wizard (D:4)
  5 worker ants
  A hound zombie (D:5)
  6 adders
  A shadow imp (D:5)
  2 oozes
  An adder skeleton (D:4)
  3 worms
  4 dart slugs
  2 leopard geckos
  9 orcs
  5 giant cockroaches
  9 goblins
  6 hobgoblins
  13 jackals
  2 quokkas (D:4)
  2 ball pythons
  A ball python skeleton (D:4)
  6 bats
  2 frilled lizards
  8 kobolds
  11 rats
107 creatures vanquished.

Notes
Turn   | Place    | Note
-------+----------+-------------------------------------------
     0 | D:1      | Nattfarinn the Centaur Hunter began the quest for the Orb.
     0 | D:1      | Reached XP level 1. HP: 17/17 MP: 1/1
   120 | D:1      | Reached XP level 2. HP: 9/24 MP: 2/2
   798 | D:1      | Reached skill level 1 in Stealth
   918 | D:1      | Reached XP level 3. HP: 26/30 MP: 3/3
  1323 | D:2      | Reached XP level 4. HP: 36/37 MP: 4/4
  1462 | D:2      | Reached skill level 6 in Bows
  2084 | D:3      | Found a runed translucent door.
  2085 | D:3      | Noticed Crazy Yiuf
  2135 | D:3      | Reached XP level 5. HP: 26/45 MP: 5/5
  2307 | D:3      | Noticed a hippogriff
  2317 | D:3      | Killed a hippogriff
  2317 | D:3      | Reached XP level 6. HP: 12/51 MP: 6/6
  2885 | D:3      | Noticed Sigmund
  3308 | D:4      | Noticed Menkaure
  3328 | D:4      | Killed Menkaure
  3328 | D:4      | Reached skill level 7 in Bows
  3366 | D:4      | Reached XP level 7. HP: 43/59 MP: 7/7
  3532 | D:4      | Noticed Grinder
  3534 | D:4      | Paralysed by Grinder for 3 turns
  3557 | D:4      | Paralysed by Grinder for 5 turns
  3563 | D:4      | Killed Grinder
  4245 | D:4      | Found Eshree's Distillery.
  4257 | D:4      | Bought a potion of mutation for 96 gold pieces
  4257 | D:4      | Bought a potion of curing for 36 gold pieces
  4257 | D:4      | Gained mutation: Your body sometimes deteriorates upon
                  | taking damage. [potion of mutation]
  4257 | D:4      | Gained mutation: You are partially covered in yellow
                  | scales. (AC +2) [potion of mutation]
  4257 | D:4      | Gained mutation: Your mind is acute. (Int +2) [potion of
                  | mutation]
  4258 | D:4      | Lost mutation: You are partially covered in yellow scales.
                  | (AC +2) [potion of mutation]
  4258 | D:4      | Lost mutation: Your mind is acute. (Int +2) [potion of
                  | mutation]
  4258 | D:4      | Lost mutation: Your body sometimes deteriorates upon taking
                  | damage. [potion of mutation]
  4258 | D:4      | Gained mutation: You are agile. (Dex +2) [potion of
                  | mutation]
  4258 | D:4      | Gained mutation: You do not regenerate when monsters are
                  | visible. [potion of mutation]
  4258 | D:4      | Gained mutation: Your system is resistant to poisons.
                  | (rPois) [potion of mutation]
  4374 | D:4      | Found a staircase to the Ecumenical Temple.
  4390 | Temple   | Entered the Ecumenical Temple
  4784 | D:5      | Entered Level 5 of the Dungeon
  4797 | D:5      | Found a blossoming altar of Fedhas.
  4809 | D:5      | Lost mutation: Your system is resistant to poisons. (rPois)
                  | [potion of mutation]
  4809 | D:5      | Lost mutation: You are agile. (Dex +2) [potion of mutation]
  4809 | D:5      | Lost mutation: You do not regenerate when monsters are
                  | visible. [potion of mutation]
  4809 | D:5      | Gained mutation: Your magical capacity is low. (-10% MP)
                  | [potion of mutation]
  4809 | D:5      | Gained mutation: Your magical capacity is very low. (-20%
                  | MP) [potion of mutation]
  4809 | D:5      | Gained mutation: Your spells are a little harder to cast,
                  | but a little more powerful. [potion of mutation]
  4809 | D:5      | Gained mutation: You expend magic power (3 MP) to
                  | strengthen your wands. [potion of mutation]
  4820 | D:5      | Reached skill level 8 in Bows
  4877 | D:5      | Lost mutation: You expend magic power (3 MP) to strengthen
                  | your wands. [potion of mutation]
  4877 | D:5      | Lost mutation: Your spells are a little harder to cast, but
                  | a little more powerful. [potion of mutation]
  4877 | D:5      | Gained mutation: You occasionally shout uncontrollably at
                  | your foes. [potion of mutation]
  4877 | D:5      | Gained mutation: You possess an exceptional clarity of
                  | mind. [potion of mutation]
  4877 | D:5      | Gained mutation: You passively map a small area around you.
                  | [potion of mutation]
  5004 | D:5      | Reached skill level 5 in Dodging
  5004 | D:5      | Reached XP level 8. HP: 40/67 MP: 6/6
  5054 | D:5      | Slain by an iguana

Skill      XL: |  1  2  3  4  5  6  7 |
---------------+----------------------+-----
Stealth        | 1 |  1.0
Dodging        | 2 3 4 5 |  5.0
Bows           | 6 7 8 |  8.1
Fighting       | 3 4 |  4.9

Action                   |  1- 3 |  4- 6 |  7- 9 || total
-------------------------+-------+-------+-------++-------
Melee: Short sword       |    66 |    96 |   113 ||   275
       Kick              |    10 |    21 |    33 ||    64
 Fire: Shortbow          |    65 |    40 |     5 ||   110
Evoke: Wand              |       |     5 |     4 ||     9
  Use: Potion            |       |       |     4 ||     4
 Stab: Distracted        |       |       |     1 ||     1
  Eat: Chunk             |     1 |     5 |     5 ||    11
Armor: Leather armour    |    49 |    30 |    15 ||    94
Dodge: Dodged            |    47 |    48 |    34 ||   129
